 Dungeon Crawl Stone Soup version 0.23.0 (webtiles) character file.

Game seed: 4099053511532380261

326617 Enish the Slayer (level 20, -12/198 HPs)
             Began as a Minotaur Berserker on Feb 15, 2019.
             Was a High Priest of Trog.
             Killed from afar by a titan (39 damage)
             ... with a bolt of lightning
             ... on level 5 of the Vaults.
             The game lasted 00:43:26 (42987 turns).

Enish the Slayer (Minotaur Berserker)              Turns: 42987, Time: 00:43:27

Health: -12/198    AC: 25    Str: 30    XL:     20   Next: 76%
Magic:  35/35      EV: 21    Int:  4    God:    Trog [*****.]
Gold:   2584       SH: 17    Dex:  8    Spells: 19/19 levels left

rFire    + + .     SeeInvis .   u - +6 broad axe (elec)
rCold    + + +     Gourm    +   G - +2 shield of Resistance {rF+ rC+ MR+}
rNeg     . . .     Faith    .   H - +0 ice dragon scales
rPois    +         Spirit   .   (helmet unavailable)
rElec    .         Reflect  .   X - scarf {cloud immunity}
rCorr    +         Harm     .   o - +2 pair of gloves
MR       ++...                  K - +2 pair of boots
Stlth    ..........             O - amulet of the gourmand
HPRegen  0.43/turn              b - ring of Thoughtfulness {rCorr rF+ MP+9 Dex-3}
MPRegen  0.24/turn              a - ring of Sin {rF+ MP+9 EV+3 Stlth-}

@: lightly drained
A: retaliatory headbutt, horns 3, low mp 1, mutation resistance 1, poison
resistance, subdued magic 1
}: 2/15 runes: decaying, gossamer
a: Berserk, Trog's Hand, Brothers in Arms, Renounce Religion


You were on level 5 of the Vaults.
You worshipped Trog.
Trog was extremely pleased with you.
You were not hungry.

You visited 7 branches of the dungeon, and saw 35 of its levels.
You visited the Abyss 1 time.
You also visited: Bailey and Volcano.

You collected 2850 gold pieces.
You spent 266 gold pieces at shops.

Inventory:

Hand Weapons
 u - a +6 broad axe of electrocution (weapon)
   (Trog gifted it to you on level 4 of the Swamp)
 y - a +3 broad axe of draining
   (You took it off an orc warrior in a bailey)
Missiles
 C - 2 throwing nets (quivered)
Armour
 j - a +0 troll leather armour
   (You found it on level 1 of the Vaults)
 o - a +2 pair of gloves (worn)
   (You found it on level 2 of the Dungeon)
 x - a +0 chain mail
   (You took it off an orc on level 3 of the Dungeon)
 B - a +0 plate armour
   (You took it off an orc warrior on level 12 of the Dungeon)
 G - the +2 shield of Resistance (worn) {rF+ rC+ MR+}
   (You found it on level 2 of the Vaults)

   It protects you from fire.
   It protects you from cold.
   It affects your resistance to hostile enchantments.
 H - +0 ice dragon scales (worn)
   (You found it on level 2 of the Vaults)
 K - a +2 pair of boots (worn)
   (You found it on level 12 of the Dungeon)
 R - a +5 large shield of poison resistance
   (You found it on level 4 of the Lair of Beasts)
 X - a scarf of cloud immunity (worn)
   (You found it on level 1 of the Swamp)
Jewellery
 a - the ring of Sin (right hand) {rF+ MP+9 EV+3 Stlth-}
   (You found it on level 2 of the Swamp)

   [ring of evasion]

   It affects your evasion (+3).
   It protects you from fire.
   It affects your magic capacity (+9).
   It makes you less stealthy.
 b - the ring of Thoughtfulness (left hand) {rCorr rF+ MP+9 Dex-3}
   (You found it on level 2 of the Swamp)

   [ring of resist corrosion]

   It affects your dexterity (-3).
   It protects you from fire.
   It affects your magic capacity (+9).
 l - an uncursed ring of protection from magic {unknown}
   (You found it on level 4 of the Swamp)
 M - an uncursed ring of resist corrosion {unknown}
   (You found it on level 4 of the Spider Nest)
 O - an amulet of the gourmand (around neck)
   (You found it on level 2 of the Lair of Beasts)
Wands
 v - a wand of digging (17)
   (You found it on level 8 of the Dungeon)
 A - a wand of iceblast (8)
   (You found it on level 8 of the Dungeon)
 I - a wand of enslavement (15)
   (You found it on level 9 of the Dungeon)
 L - a wand of scattershot (7)
   (You found it on level 2 of the Lair of Beasts)
 S - a wand of paralysis (6)
   (You took it off Nessos on level 13 of the Dungeon)
 Y - a wand of acid (14)
   (You found it on level 1 of the Swamp)
Scrolls
 i - 2 scrolls of holy word
 k - 4 scrolls of magic mapping
 p - a scroll of summoning
 r - 15 scrolls of identify
 t - 3 scrolls of teleportation
 z - 2 scrolls of blinking
 D - 4 scrolls of fear
 J - 12 scrolls of remove curse
 N - a scroll of enchant armour
 Q - a scroll of random uselessness
 T - a scroll of fog
 U - a scroll of torment
Potions
 c - 2 potions of berserk rage
 d - 2 potions of might
 f - 3 potions of flight
 g - 3 potions of brilliance
 h - 3 potions of haste
 m - 8 potions of ambrosia
 n - a potion of resistance
 q - 4 potions of curing
 s - 2 potions of agility
 E - 5 potions of lignification
 F - a potion of invisibility
Comestibles
 e - 44 rations


   Skills:
 + Level 21.2(20.5) Fighting
 - Level 18.0(17.3) Axes
 + Level 21.1(20.4) Armour
 - Level 18.0(17.4) Dodging
 - Level 17.6(17.0) Shields


You had 19 spell levels left.
You didn't know any spells.
Your spell library was empty.

Dungeon Overview and Level Annotations

Branches:
Dungeon (13/15)            Temple (0/1) D:5            Lair (6/6) D:8
  Swamp (4/4) Lair:2       Spider (4/4) Lair:3        Slime (0/5) Lair:6
    Orc (2/2) D:9             Elf (0/3) Orc:2        Vaults (5/5) D:13
  Crypt (1/3) Vaults:2

Altars:
Dithmenos
Elyvilon
Fedhas
Gozag
Hepliaklqana
Kikubaaqudgha
Makhleb
Okawaru
Ru
Trog
Vehumet
Xom
Yredelemnul
The Shining One
Jiyva

Shops:
D:6 *   D:11 %   D:13 *   Orc:2 }(!%

Portals:
Pandemonium: Orc:2


Innate Abilities, Weirdness & Mutations

You reflexively headbutt those who attack you in melee.
You have a pair of large horns on your head.
Your magical capacity is low. (-10% MP)
You are somewhat resistant to further mutation.
Your system is resistant to poisons. (rPois)
Your spells are a little easier to cast, but a little less powerful.


Message History

* * * LOW HITPOINT WARNING * * *
The quicksilver dragon breathes dispelling energy at you.
The bolt of dispelling energy hits you!
You feel strangely stable.
* * * LOW HITPOINT WARNING * * *
The stone giant hits you!!
* * * LOW HITPOINT WARNING * * *
You hear a shout!
You feel much better. You block the shadow dragon's attack.
The shadow dragon claws you but does no damage.
The shadow dragon claws you.
* * * LOW HITPOINT WARNING * * *
The stone giant hits you!!
* * * LOW HITPOINT WARNING * * *
The titan hits you but does no damage.
You feel much better.
The stone giant hits you but does no damage.
The titan points at you and mumbles some strange words.
The bolt of lightning hits you!!!
You die...

.... ..
#####################
...#.....#.......#..
#..#.....#.......#..
#..#..#..#..###..#..
#..#..#.)#..# #..###
#####.C#..#..#..#
#.....
#....D(@..#.....#
#.....
#.....CD..#.....#
#..###
#..##########+###
#... #. #... #####


You could see a shadow dragon, a titan, a quicksilver dragon and a stone giant.

Vanquished Creatures
  The ghost of royokou the Executioner, a veteran MiFi of Makhleb (Vaults:3)
  Rupert (D:13)
  A lich (Vaults:3)
  The ghost of Anosyof the Impaler, an adept CeHu of Okawaru (Vaults:2)
  A titan (Vaults:4)
  2 sphinxes
  A tentacled starspawn (Abyss:3)
  A storm dragon (Vaults:4)
  A shadow dragon (Vaults:4)
  2 thorn hunters (Swamp:4)
  A tengu reaver (Vaults:5)
  2 ghost moths (Spider:4)
  3 frost giants (Vaults:3)
  9 vault wardens
  5 emperor scorpions (Spider:4)
  3 deep elf sorcerers
  An orc warlord (Vaults:4)
  A balrug (Abyss:3)
  A stone giant (Orc:2)
  3 ghouls
  16 ironheart preservers
  6 entropy weavers
  10 very ugly things
  2 deep elf demonologists (Vaults:4)
  Nessos (D:13)
  A dire elephant (Lair:6)
  A lorocyproca (Abyss:3)
  Josephine (Lair:6)
  2 fire dragons
  2 great orbs of eyes
  Erolcha (Orc:2)
  11 yaktaur captains
  An ice dragon (Vaults:2)
  A rakshasa (Vaults:1)
  The ghost of Xixaub Eqygg the Grappler, a journeyman DrTm of Okawaru (Lair:1)
  32 vault guards
  A catoblepas (Lair:6)
  Harold (D:7)
  5 ghost crabs
  16 hydras
  4 shambling mangroves
  4 death knights
  Erica (D:9)
  7 centaur warriors
  4 deep troll shamans
  5 death yaks
  21 two-headed ogres
  22 alligators
  4 orc high priests (Orc:2)
  A vampire mage (Vaults:2)
  Urug (Lair:1)
  A sun demon (Abyss:3)
  10 ogre magi
  Sonja (D:12)
  2 spriggans
  3 skeletal warriors
  A sixfirhy (Abyss:3)
  5 fire crabs (Lair:4)
  A shadow wraith (Vaults:3)
  A death drake (Swamp:4)
  An unseen horror (D:12)
  3 spriggan druids
  A torturous demonspawn (Orc:2)
  4 spectral hydras (Swamp:4)
  An infernal demonspawn (Orc:2)
  A flayed ghost (Vaults:3)
  A glowing orange brain (Vaults:4)
  7 wizards
  2 starcursed masses (Abyss:3)
  14 deep trolls
  A swamp dragon (Swamp:1)
  11 orc knights
  7 orb spiders
  16 ironbrand convokers
  3 phantasmal warriors
  2 deep elf archers
  8 orc sorcerers
  A mana viper (shapeshifter) (Vaults:2)
  6 deep elf magi
  14 wolf spiders
  A necromancer (Vaults:4)
  22 ugly things
  8 cyclopes
  A salamander (Volcano)
  A moth of wrath (shapeshifter) (Vaults:5)
  2 moths of wrath
  14 elephants
  An apocalypse crab (Abyss:3)
  17 vault sentinels
  5 black mambas
  3 smoke demons
  19 spiny frogs
  2 torpor snails
  2 gargoyles (D:10)
  2 large abominations (Abyss:3)
  An orange demon (Orc:2)
  A yaktaur (shapeshifter) (Vaults:4)
  9 freezing wraiths
  2 komodo dragons
  3 swamp worm zombies (Swamp:4)
  2 rime drakes
  30 yaktaurs
  An ancient zyme (Abyss:3)
  10 demonic crawlers
  22 jumping spiders
  6 hydra zombies (Swamp:4)
  2 red devils (Abyss:3)
  14 tyrant leeches
  7 trolls
  6 polar bears
  8 bog bodies
  5 alligator zombies (Swamp:4)
  23 hornets
  20 blink frogs
  7 raiju (Abyss:3)
  8 hippogriffs
  3 dream sheep (Lair:4)
  Prince Ribbit (D:7)
  A frost giant simulacrum (Vaults:2)
  A dream sheep (shapeshifter) (Vaults:2)
  A human simulacrum (Vaults:1)
  11 slime creatures
  2 spectral swamp dragons (Swamp:4)
  48 redbacks
  12 tarantellas
  Sigmund (D:4)
  A shadow (Swamp:1)
  A flying skull (Vaults:2)
  4 hogs (D:7)
  2 vampires (D:12)
  2 basilisks
  50 yaks
  3 wraiths (Lair:6)
  A ynoxinul (Abyss:3)
  A fire elemental (Lair:6)
  A tarantella (shapeshifter) (Vaults:4)
  12 humans
  22 vampire mosquitoes
  3 hungry ghosts
  11 insubstantial wisps
  2 wargs
  A soldier ant (D:13)
  15 swamp worms
  2 acid dragons
  4 porcupines
  9 water moccasins
  43 orc warriors
  7 swamp drakes
  3 sky beasts
  2 black bears
  A swamp dragon zombie (Swamp:4)
  6 ice beasts
  6 phantoms
  A manticore zombie (Abyss:3)
  28 ogres
  22 centaurs
  45 wolves
  10 crocodiles
  4 big kobolds
  17 bullfrogs
  2 ogre simulacra (Vaults:1)
  A wyvern skeleton (D:7)
  A water moccasin zombie (D:6)
  A water moccasin skeleton (D:5)
  3 killer bees (D:6)
  6 howler monkeys
  9 wights
  An elf simulacrum (Vaults:1)
  10 electric eels
  8 crimson imps
  A centaur skeleton (D:9)
  9 hounds
  22 orc priests
  20 orc wizards
  Jessica (D:2)
  2 iguanas
  A spectral swamp drake (Swamp:4)
  Natasha (thrice) (D:2)
  5 hell rats (Lair:2)
  15 worker ants
  A howler monkey zombie (D:7)
  7 gnolls
  17 adders
  5 shadow imps
  A white imp (Abyss:3)
  An ooze (D:4)
  An adder skeleton (D:6)
  4 worms
  A dart slug (D:1)
  2 leopard geckos
  81 orcs
  9 giant cockroaches
  7 goblins
  15 hobgoblins
  8 jackals
  21 kobolds
  8 quokkas
  5 ball pythons
  6 bats
  A frilled lizard (D:5)
  A leopard gecko zombie (D:5)
  2 quokka skeletons
  11 rats
  A spectral orc (D:9)
  5 briar patches (Swamp:4)
  2 fungi
  5 plants
  2 starspawn tentacles (Abyss:3)
1417 creatures vanquished.

Vanquished Creatures (collateral kills)
  An ancient lich (Abyss:3)
  A bone dragon (Swamp:4)
  An emperor scorpion (Spider:4)
  A stone giant (Vaults:4)
  An entropy weaver (Spider:4)
  A ghost crab (Swamp:4)
  A catoblepas (Lair:6)
  A death yak (Lair:6)
  3 orc high priests (Orc:2)
  A wretched star (Abyss:3)
  A sixfirhy (Orc:2)
  A torturous demonspawn (Orc:2)
  A gelid demonspawn (Orc:2)
  2 orc knights (Orc:2)
  A phantasmal warrior (Swamp:4)
  A swamp dragon (Swamp:4)
  A golden dragon skeleton (Abyss:3)
  An orc sorcerer (Orc:2)
  3 orb spiders (Spider:4)
  A smoke demon (Abyss:3)
  A rust devil (Lair:6)
  A tengu conjurer (D:13)
  A hornet (Spider:4)
  A bog body (Swamp:4)
  A blink frog (Lair:6)
  A raiju (Abyss:3)
  A redback (Spider:4)
  4 humans (D:13)
  A large abomination (Abyss:3)
  2 wargs (Orc:2)
  3 insubstantial wisps (Swamp:4)
  A swamp worm (Swamp:4)
  8 orc warriors
  5 phantoms (Swamp:4)
  A crocodile (Lair:6)
  5 orc priests (Orc:2)
  2 orc wizards (Orc:2)
  A swamp drake zombie (Swamp:4)
  3 orcs (Orc:2)
68 creatures vanquished.

Vanquished Creatures (others)
  An apocalypse crab (Lair:4)
  A hornet (Swamp:3)
  A bog body (Swamp:3)
  4 blink frogs (Lair:6)
  A human (D:13)
  A spriggan (Swamp:3)
  A neqoxec (Lair:6)
  2 insubstantial wisps (Swamp:4)
  A small abomination (Abyss:3)
  A kobold (D:8)
  A bush (Lair:3)
  4 fungi
  A lurking horror (Abyss:3)
  9 plants
  4 starspawn tentacles (Abyss:3)
33 creatures vanquished.

Grand Total: 1518 creatures vanquished

Notes
Turn   | Place    | Note
-------+----------+-------------------------------------------
     0 | D:1      | Enish the Minotaur Berserker began the quest for the Orb.
     0 | D:1      | Reached XP level 1. HP: 19/19 MP: 0/0
   100 | D:1      | Reached XP level 2. HP: 27/27 MP: 1/1
   523 | D:2      | Noticed Natasha
   529 | D:2      | Noticed a crimson imp
   533 | D:2      | Killed Natasha
   533 | D:2      | Reached ** piety under Trog
   533 | D:2      | Reached XP level 3. HP: 12/33 MP: 2/2
   770 | D:2      | Found an ancient bone altar of Kikubaaqudgha.
   771 | D:2      | Found a blossoming altar of Fedhas.
   975 | D:2      | Reached XP level 4. HP: 40/41 MP: 3/3
  1119 | D:2      | Found a bloodstained altar of Trog.
  1577 | D:2      | Noticed Jessica
  1583 | D:2      | Killed Jessica
  1583 | D:2      | Reached XP level 5. HP: 33/47 MP: 4/4
  1731 | D:2      | Noticed Natasha
  1741 | D:2      | Killed Natasha
  1924 | D:2      | Noticed Natasha
  1937 | D:2      | Killed Natasha
  2235 | D:3      | Reached skill level 5 in Fighting
  2235 | D:3      | Reached skill level 5 in Axes
  2334 | D:3      | Reached XP level 6. HP: 43/56 MP: 5/5
  2627 | D:3      | Found a burning altar of Makhleb.
  2815 | D:3      | Reached *** piety under Trog
  3193 | D:4      | Found a radiant altar of Vehumet.
  3206 | D:4      | Noticed Sigmund
  3213 | D:4      | Killed Sigmund
  3213 | D:4      | Reached skill level 5 in Armour
  3213 | D:4      | Reached XP level 7. HP: 62/62 MP: 6/6
  3661 | D:4      | Found an iron altar of Okawaru.
  3972 | D:5      | Entered Level 5 of the Dungeon
  4003 | D:5      | Found a staircase to the Ecumenical Temple.
  4084 | D:5      | Reached skill level 5 in Dodging
  4489 | D:5      | Reached XP level 8. HP: 68/71 MP: 7/7
  5070 | D:6      | Found a hazy altar of Hepliaklqana.
  5079 | D:6      | Found Tenyc's Serpentskin Sales.
  5213 | D:6      | Found an opulent altar of Gozag.
  5329 | D:6      | Reached **** piety under Trog
  5416 | D:6      | Reached XP level 9. HP: 81/81 MP: 8/8
  5643 | D:6      | Found a shimmering altar of Xom.
  5840 | D:6      | Found a white marble altar of Elyvilon.
  6650 | D:7      | Noticed Prince Ribbit
  6666 | D:7      | Killed Prince Ribbit
  6815 | D:7      | Found a glowing golden altar of the Shining One.
  6854 | D:7      | Noticed Harold
  6867 | D:7      | Killed Harold
  7149 | D:7      | Reached XP level 10. HP: 91/91 MP: 9/9
  7558 | D:8      | Identified the +1 robe of the Swamp {rF+ Str+2 SInv} (You
                  | found it on level 8 of the Dungeon)
  7796 | D:8      | Found a staircase to the Lair.
  7803 | D:8      | Reached skill level 10 in Fighting
  7809 | D:8      | Reached skill level 10 in Axes
  7813 | D:8      | Reached ***** piety under Trog
  8171 | D:8      | Received a gift from Trog
  8560 | D:8      | Reached skill level 10 in Armour
  9490 | D:9      | Found a shadowy altar of Dithmenos.
  9513 | D:9      | Noticed Erica
  9523 | D:9      | Killed Erica
  9645 | D:9      | Reached XP level 11. HP: 101/101 MP: 10/10
  9706 | D:9      | Gained mutation: You are agile. (Dex +2) [potion of
                  | mutation]
  9706 | D:9      | Gained mutation: You are somewhat resistant to further
                  | mutation. [potion of mutation]
  9706 | D:9      | Gained mutation: Your magical capacity is low. (-10% MP)
                  | [potion of mutation]
  9716 | D:9      | Found a staircase to the Orcish Mines.
  9964 | D:9      | Found a shadowy altar of Dithmenos.
 10053 | D:9      | Found a basalt altar of Yredelemnul.
 10189 | D:9      | Reached skill level 10 in Dodging
 10546 | Orc:1    | Entered Level 1 of the Orcish Mines
 10565 | D:10     | Entered Level 10 of the Dungeon
 10599 | D:10     | Found a flagged portal.
 10611 | Bailey   | Entered a bailey
 10827 | D:10     | Identified the +4 scale mail "Idwori" {Regen+ MP+9}
 11617 | D:11     | Lost mutation: You are agile. (Dex +2) [potion of mutation]
 11617 | D:11     | Lost mutation: Your magical capacity is low. (-10% MP)
                  | [potion of mutation]
 11617 | D:11     | Gained mutation: You have a pair of large horns on your
                  | head. [potion of mutation]
 11617 | D:11     | Gained mutation: Your spells are a little easier to cast,
                  | but a little less powerful. [potion of mutation]
 11617 | D:11     | Gained mutation: Your system is resistant to poisons.
                  | (rPois) [potion of mutation]
 11719 | D:11     | Found Hishyara's Food Boutique.
 12457 | D:12     | Noticed a two-headed ogre
 12462 | D:12     | Killed a two-headed ogre
 12547 | D:12     | Reached ****** piety under Trog
 12684 | D:12     | Found a sacrificial altar of Ru.
 12685 | D:12     | Noticed a two-headed ogre
 12693 | D:12     | Killed a two-headed ogre
 12738 | D:12     | Reached XP level 12. HP: 107/112 MP: 11/11
 12849 | D:12     | Noticed Sonja
 12864 | D:12     | Killed Sonja
 13739 | Lair:1   | Entered Level 1 of the Lair of Beasts
 13807 | Lair:1   | Reached skill level 1 in Shields
 13961 | Lair:1   | Noticed Urug
 13994 | Lair:1   | Killed Urug
 14405 | Lair:1   | Found a large runed translucent door.
 14405 | Lair:1   | Found a large runed translucent door.
 14405 | Lair:1   | Noticed Xixaub Eqygg's ghost (journeyman DrTm)
 14763 | Lair:1   | Killed Xixaub Eqygg's ghost
 15104 | Lair:2   | Received a gift from Trog
 15247 | Lair:2   | Reached XP level 13. HP: 47/119 MP: 12/12
 15679 | Lair:2   | Found a staircase to the Swamp.
 16396 | Lair:3   | Found a dark tunnel.
 16446 | Volcano  | Entered a volcano
 17289 | Lair:3   | Found a hole to the Spider Nest.
 17567 | Spider:1 | Entered Level 1 of the Spider Nest
 17741 | Lair:4   | Reached skill level 15 in Axes
 17895 | Lair:4   | Found a runed translucent door.
 18264 | Lair:4   | Noticed an entropy weaver
 18269 | Lair:4   | Received a gift from Trog
 18279 | Lair:4   | Killed an entropy weaver
 18937 | Lair:4   | Noticed an entropy weaver
 18946 | Lair:4   | Killed an entropy weaver
 18955 | Lair:4   | Noticed an entropy weaver
 18965 | Lair:4   | Noticed an entropy weaver
 18966 | Lair:4   | Killed an entropy weaver
 19278 | Lair:4   | Killed an entropy weaver
 19583 | Lair:4   | You fall through a shaft!
 19619 | Lair:5   | Reached XP level 14. HP: 130/130 MP: 13/13
 20098 | Lair:4   | Identified the Catalogue of Enchanting Boosts
 20444 | Lair:5   | Received a gift from Trog
 21262 | Lair:5   | Reached skill level 5 in Shields
 21422 | Lair:6   | Entered Level 6 of the Lair of Beasts
 21498 | Lair:6   | Noticed Josephine
 21513 | Lair:6   | Killed Josephine
 22498 | Lair:6   | Found a viscous altar of Jiyva.
 22499 | Lair:6   | Found a staircase to the Slime Pits.
 23048 | Orc:1    | Received a gift from Trog
 23139 | Orc:2    | Entered Level 2 of the Orcish Mines
 23156 | Orc:2    | Noticed Erolcha
 23168 | Orc:2    | Killed Erolcha
 23482 | Orc:2    | Found Yruseff's Distillery.
 23484 | Orc:2    | Found Letwaeb's Food Emporium.
 23505 | Orc:2    | Reached XP level 15. HP: 139/139 MP: 14/14
 23622 | Orc:2    | Bought a potion of haste for 140 gold pieces
 23622 | Orc:2    | Bought 2 potions of curing for 84 gold pieces
 23622 | Orc:2    | Bought a potion of curing for 42 gold pieces
 24303 | Orc:2    | Found Jenont's Gadget Shop.
 24303 | Orc:2    | Found a one-way gate leading to the halls of Pandemonium.
 24303 | Orc:2    | Found Cutaum's Antique Weapon Boutique.
 24344 | Orc:2    | Found a staircase to the Elven Halls.
 24364 | Orc:2    | Received a gift from Trog
 24926 | Swamp:1  | Entered Level 1 of the Swamp
 24954 | Swamp:1  | Reached skill level 15 in Fighting
 25440 | Swamp:1  | Paralysed by a hornet for 1 turns
 26392 | Swamp:2  | Reached skill level 15 in Armour
 26521 | Swamp:2  | Reached skill level 10 in Shields
 26815 | Swamp:2  | Found a transporter.
 26980 | Swamp:2  | Found a transporter.
 27224 | Swamp:2  | Gained mutation: Your magical capacity is low. (-10% MP)
                  | [the power of Zot]
 27262 | Swamp:2  | Got a twitching jade ring
 27264 | Swamp:2  | Identified the ring of Sin {rF+ MP+9 EV+3 Stlth-} (You
                  | found it on level 2 of the Swamp)
 27276 | Swamp:2  | Got a translucent glass ring
 27277 | Swamp:2  | Identified the ring of Thoughtfulness {rCorr rF+ MP+9
                  | Dex-3} (You found it on level 2 of the Swamp)
 27711 | Swamp:3  | Reached XP level 16. HP: 109/149 MP: 13/13
 28850 | Swamp:4  | Entered Level 4 of the Swamp
 29268 | Swamp:4  | Received a gift from Trog
 29627 | Swamp:4  | Noticed a thorn hunter
 29640 | Swamp:4  | Killed a thorn hunter
 29702 | Swamp:4  | Noticed a thorn hunter
 29723 | Swamp:4  | Killed a thorn hunter
 30151 | Swamp:4  | Noticed a bone dragon
 30177 | Swamp:4  | Killed a bone dragon
 30177 | Swamp:4  | Reached skill level 15 in Dodging
 30370 | Swamp:4  | Got a decaying rune of Zot
 30780 | Spider:4 | Entered Level 4 of the Spider Nest
 31001 | Spider:4 | Reached XP level 17. HP: 159/159 MP: 14/14
 31290 | Spider:4 | Received a gift from Trog
 32059 | Spider:4 | Received a gift from Trog
 32338 | Spider:4 | Got a gossamer rune of Zot
 32909 | D:13     | Found a gate to the Vaults.
 32909 | D:13     | Noticed Nessos
 32909 | D:13     | Noticed Rupert
 32923 | D:13     | Reached skill level 15 in Shields
 32926 | D:13     | Killed Rupert
 32928 | D:13     | Paralysed by Nessos for 2 turns
 32937 | D:13     | Killed Nessos
 33035 | D:13     | Found Qibaesa's Demolitions Depot.
 33194 | D:13     | Received a gift from Trog
 33650 | Vaults:1 | Entered Level 1 of the Vaults
 34114 | Vaults:1 | Reached XP level 18. HP: 164/170 MP: 15/15
 34402 | Vaults:1 | Paralysed by an orc sorcerer for 3 turns
 35514 | Vaults:2 | Cast into level 3 of the Abyss (a deep elf sorcerer)
 35688 | Abyss:3  | Found a corrupted altar of Lugonu.
 35759 | Abyss:3  | Received a gift from Trog
 35812 | Abyss:3  | Noticed an ancient lich
 35814 | Abyss:3  | Killed an ancient lich
 35826 | Vaults:2 | Escaped the Abyss
 36166 | Vaults:2 | Found a staircase to the Crypt.
 36448 | Vaults:2 | Received a gift from Trog
 36611 | Vaults:2 | Found a large runed translucent door.
 36611 | Vaults:2 | Found a large runed translucent door.
 36612 | Vaults:2 | Found the +2 shield of Resistance {rF+ rC+ MR+}
 36612 | Vaults:2 | Noticed Anosyof's ghost (adept CeHu)
 36613 | Vaults:2 | Found the +9 staff of Wucad Mu {channel}
 36667 | Vaults:2 | Killed Anosyof's ghost
 37400 | Vaults:2 | You fall through a shaft!
 37467 | Vaults:3 | Reached XP level 19. HP: 180/180 MP: 16/16
 37720 | Vaults:3 | Received a gift from Trog
 37880 | Vaults:3 | Paralysed by a wizard for 5 turns
 38203 | Vaults:3 | Received a gift from Trog
 38291 | Vaults:3 | Found a runed translucent door.
 38291 | Vaults:3 | Noticed royokou's ghost (veteran MiFi)
 38920 | Crypt:1  | Entered Level 1 of the Crypt
 39493 | Vaults:4 | Received a gift from Trog
 39735 | Vaults:4 | Reached XP level 20. HP: 191/193 MP: 17/17
 40835 | Vaults:3 | Received a gift from Trog
 41129 | Vaults:3 | Killed royokou's ghost
 41266 | Vaults:5 | Entered Level 5 of the Vaults
 42985 | Vaults:5 | HP: 7/198 [stone giant (31)]
 42986 | Vaults:5 | HP: 3/198 [stone giant (22)]
 42987 | Vaults:5 | Killed from afar by a titan

Skill      XL: |  1  2  3  4  5  6  7  8  9 10 11 12 13 14 15 16 17 18 19 20 |
---------------+-------------------------------------------------------------+-----
Fighting       | 4 5 6 7 9 10 11 12 13 14 15 16 17 18 19 21 | 21.2
Axes           | 4 5 6 7 9 10 12 14 15 17 18 | 18.0
Armour         | 3 4 5 6 7 9 10 11 12 13 14 15 16 17 18 19 21 | 21.1
Dodging        | 3 4 5 6 8 9 10 11 12 13 14 15 16 18 | 18.0
Shields        | 3 7 10 13 15 17 | 17.6

Action                   |  1- 3 |  4- 6 |  7- 9 | 10-12 | 13-15 | 16-18 | 19-21 || total
-------------------------+-------+-------+-------+-------+-------+-------+-------++-------
Melee: Hand axe          |    63 |   124 |   291 |   261 |       |       |       ||   739
       Headbutt          |     9 |    22 |    63 |   160 |   248 |   283 |   154 ||   939
       Broad axe         |       |       |       |   371 |  1030 |  1234 |   669 ||  3304
Invok: Berserk           |     3 |     2 |     7 |    12 |    18 |     9 |     6 ||    57
       Trog's Hand       |       |       |       |     3 |     4 |     8 |     3 ||    18
       Brothers in Arms  |       |       |       |     2 |     7 |    14 |     3 ||    26
  Use: Potion            |       |     8 |     3 |     3 |     4 |     5 |     5 ||    28
       Scroll            |       |     8 |     2 |    10 |    18 |     7 |     3 ||    48
 Stab: Sleeping          |       |     1 |       |       |       |       |       ||     1
       Distracted        |       |       |       |     1 |     1 |       |     1 ||     3
       Paralysed         |       |       |       |       |     1 |       |       ||     1
  Eat: Chunk             |     3 |     8 |    18 |    24 |    55 |    48 |    14 ||   170
       Ration            |       |       |     1 |     5 |     1 |     4 |     2 ||    13
Armor: Animal skin       |    17 |    13 |       |       |       |       |       ||    30
       Ring mail         |       |    24 |       |       |       |       |       ||    24
       Chain mail        |       |       |   138 |   365 |   547 |   266 |       ||  1316
       Plate armour      |       |       |       |       |       |    73 |    43 ||   116
       Ice dragon scales |       |       |       |       |       |       |    85 ||    85
Dodge: Dodged            |    52 |    72 |   171 |   477 |   471 |   413 |   234 ||  1890
Block: Buckler           |       |       |       |    22 |    81 |       |       ||   103
       Large shield      |       |       |       |       |   735 |  1362 |       ||  2097
       Shield            |       |       |       |       |       |    25 |   386 ||   411
